 Dungeon Crawl Stone Soup version 0.30-a0-782-ge64f9170bb (webtiles) character file.

Game seed: 11382992584355057763

72 mopl the Stinger (level 4, 0/30 HPs)
             Began as a Formicid Venom Mage on Mar 13, 2023.
             Slain by Terence
             ... wielding a +0 hand axe
              (10 damage)
             ... on level 2 of the Dungeon.
             The game lasted 00:02:28 (1687 turns).

mopl the Stinger (Formicid Venom Mage)              Turns: 1687, Time: 00:02:29

Health: 0/30       AC:  3    Str: 13    XL:     4   Next: 48%
Magic:  4/8        EV: 12    Int: 16    God:
Gold:   62         SH:  0    Dex: 14    Spells: 4/9 levels left

rFire   . . .      SeeInvis +    p - +3 dagger
rCold   . . .      Faith    .    (no shield)
rNeg    . . .      Spirit   .    a - +0 robe
rPois   .          Reflect  .    (helmet unavailable)
rElec   .          Harm     .    j - +0 cloak
rCorr   .          Rampage  .    (no gloves)
Will    .....                    (no boots)
Stlth   ++                       (no amulet)
HPRegen 0.25/turn                (no ring)
MPRegen 0.11/turn                (no ring)

@: no status effects
A: permanent stasis, dig shafts and tunnels, antennae 3, four strong arms
a: Dig, Shaft Self


You were on level 2 of the Dungeon.
You visited 1 branch of the dungeon, and saw 3 of its levels.

You collected 62 gold pieces.

Inventory:

Hand Weapons
 p - a +3 dagger (weapon)
Armour
 a - a +0 robe (worn)
 j - a +0 cloak (worn)
Wands
 d - a wand of charming (9)
Scrolls
 c - 2 scrolls of noise {unknown}
 e - 4 scrolls of identify {unknown}
 n - a scroll of blinking {unknown}
 o - a scroll of butterflies {unknown}
Potions
 b - a potion of magic
 f - a potion of attraction {unknown}
 g - a potion of mutation {unknown}
 h - a potion of flight {unknown}
 i - a potion of berserk rage {!q}
 k - a potion of resistance {unknown}
 l - 3 potions of curing {unknown}
 m - 3 potions of might {unknown}


   Skills:
 - Level 1.7 Dodging
 - Level 2.4 Stealth
 - Level 3.0 Spellcasting
 - Level 1.1 Transmutations
 + Level 6.0 Poison Magic


You had 4 spell levels left.
You knew the following spells:

 Your Spells              Type           Power      Damage    Failure   Level
a - Sting                 Tmut/Pois      52%        1d5       4%          1
o - Olgreb's Toxic Radia  Pois           21%        N/A       16%         4

Your spell library contained the following spells:

 Spells                   Type           Power      Damage    Failure   Level
 Poisonous Vapours        Pois/Air       24%        N/A       9%          2
 Beastly Appendage        Tmut           10%        N/A       12%         1
 Spider Form              Tmut/Pois      13%        N/A       13%         3
 Magic Dart               Conj           8%         1d3       19%         1
 Wereblood                Tmut           5%         N/A       19%         2
 Mephitic Cloud           Conj/Pois/Air  8%         N/A       24%         3
 Searing Ray              Conj           4%         2d4       28%         2
 Fulminant Prism          Conj/Hex       1%         3d5       88%         4


Dungeon Overview and Level Annotations

Branches:
Dungeon (3/15)

Altars:

Annotations:
D:2 Robin, Terence


Innate Abilities, Weirdness & Mutations

You cannot be hasted, slowed, berserked, paralysed or teleported.
You can dig through walls and to a lower floor.
You have a pair of large antennae on your head. (SInv)
Your four strong arms can wield two-handed weapons with a shield.


Message History

You pick up a book of Conjurations and begin reading...
You add the spells Magic Dart, Searing Ray and Fulminant Prism to your library.
There is an open door here.
You see here a +0 scale mail.
You see here a +0 scale mail.
You open the door.
There is an open door here.
You now have 62 gold pieces (gained 8).
There is an open door here.
Done exploring.
You open the door.
There is an open door here.
There is an escape hatch in the ceiling here.
A mysterious force pulls you upwards. The hatch slams shut behind you.
Level annotation: Robin Terence is nearby!
The sting hits Terence but does no damage.
Terence is poisoned.
Terence shouts!
Terence drinks a potion.
Terence goes berserk!
The sting hits Terence but does no damage.
Terence looks even sicker.
The sting hits Terence.
Terence partially resists.
Terence looks even sicker.
Terence is lightly wounded.
Terence hits you with a +0 hand axe. Terence hits you with a +0 hand axe!
The sting hits Terence but does no damage.
Terence looks as sick as possible!
Terence is lightly wounded.
Terence hits you with a +0 hand axe!
You are too injured to fight recklessly!
You are too injured to fight recklessly!
You are too injured to fight recklessly!
You are too injured to fight recklessly!
Okay, then.
Aiming: Charm
Press: ? - help, Shift-Dir - straight line, f/p - Terence
Aim: Terence, wielding a +0 hand axe and wearing a +1 scale mail of poison resistance (lightly wounded, berserk, extremely poisoned, chance to affect: 57%) Terence resists with significant effort.
Terence barely misses you. Terence hits you with a +0 hand axe!
You die...

≈~≈.~♣≈≈~≈.#
#......###........
~≈≈~≈≈≈≈~~.#
#......# ####....#
~≈≈≈≈≈≈≈~~.#
#......# ######
≈≈~≈≈≈≈≈~.~#
#......#
~≈.≈.~~≈~..#
#......#
~~~.....~..#
#......#
############
#......# #......#
#@@....# #......#
########


You could see Terence (berserk, extremely poisoned).

Vanquished Creatures
  An adder (D:3)
  A worm (D:3)
  A dart slug (D:2)
  2 orcs (D:3)
  7 bats
  6 endoplasms
  2 giant cockroaches
  3 goblins
  8 hobgoblins
  2 jackals (D:3)
  A quokka (D:1)
  3 ball pythons
  3 frilled lizards
  7 kobolds
  3 rats (D:1)
50 creatures vanquished.

Notes
Turn   | Place    | Note
-------+----------+-------------------------------------------
     0 | D:1      | mopl the Formicid Venom Mage began the quest for the Orb.
     0 | D:1      | Reached XP level 1. HP: 13/13 MP: 3/3
   232 | D:1      | Reached XP level 2. HP: 19/19 MP: 1/5
   509 | D:1      | Reached XP level 3. HP: 24/24 MP: 0/7
   653 | D:2      | Found a faded altar of an unknown god.
   719 | D:2      | Reached skill level 3 in Spellcasting
   889 | D:2      | Reached skill level 5 in Poison Magic
   935 | D:2      | Noticed Robin
  1035 | D:3      | Reached XP level 4. HP: 26/30 MP: 1/8
  1073 | D:3      | Learned a level 4 spell: Olgreb's Toxic Radiance
  1472 | D:3      | Reached skill level 6 in Poison Magic
  1682 | D:2      | Noticed Terence
  1687 | D:2      | Slain by Terence

Illustrated notes

Levels and vault maps discovered:
D:1:      co_arrival_random_square_maze, layout_loops_ring, minmay_tromino_i4
D:2:      layout_rooms, chequers_ecumenical_altar_island, minmay_misc_feat_rows,
          uniq_terence, uniq_robin
D:3:      layout_basic

Skill      XL: |  1  2  3  4 |
---------------+-------------+-----
Spellcasting   | 3 |  3.0
Poison Magic   | 5 6 |  6.0
Dodging        | |  1.7
Stealth        | |  2.4
Transmutations | |  1.1

Action                     |  1- 3 |  4- 6 || total
---------------------------+-------+-------++-------
  Melee: Dagger            |    33 |    43 ||    76
   Cast: Sting             |    61 |    33 ||    94
  Evoke: Wand              |       |     1 ||     1
 Armour: Robe              |     7 |    10 ||    17
  Dodge: Dodged            |    44 |    54 ||    98

Table legend: (Time is in decaauts)
 A = Elapsed time spent in this place.
 B = Non-inter-level travel time spent in this place.
 C = Inter-level travel time spent in this place.
 D = Time resting spent in this place.
 E = Time spent auto-exploring this place.
 F = Levels seen in this place.
 G = Mean time per level.
                   A        B        C        D        E       F      G
               +--------+--------+--------+--------+--------+-----+--------+
         Total |   1693 |   1614 |     79 |     64 |   1121 |   3 |  564.3 |
       Dungeon |   1693 |   1614 |     79 |     64 |   1121 |   3 |  564.3 |
               +--------+--------+--------+--------+--------+-----+--------+

Top non-repeatable levels by time:
     D:3: 733 daAuts
     D:1: 644 daAuts
     D:2: 316 daAuts
